Map: Kairos Junction LE

Players

JimSteel

  • Race: Protoss Protoss
  • League: Platinum
  • Spawn Location: 5:00

Woah - Winner!

  • Race: Terran Terran
  • Spawn Location: 11:00

VOD

Have the link to the VOD?

Description

Time

  • Played on: June 11, 2019, 8:54 p.m.
  • Length: 16:56
Show
View Real Time Build Order
Export as new Build Order

JimSteel Protoss 

Build Orders: Carriers 

Get SALT Encoding   

  12  0:01  Probe  
  13  0:17  Probe  
  13  0:19  Pylon  
  14  0:25  Probe  
  14  0:33  Probe  
  16  0:47  Gateway  
  16  0:51  Forge  
  16  1:08  Probe  
  17  1:20  Probe  
  17  1:22  Pylon  
  18  1:27  Zealot  
  18  1:32  Probe  
  21  1:45  Probe  
  22  1:54  Zealot  
  23  2:18  Zealot, Photon Cannon  
  23  2:19  Photon Cannon  
  25  2:26  Probe  
  25  2:42  Probe  
  26  2:45  Zealot  
  28  2:58  Probe  
  27  3:02  Pylon  
  27  3:04  Assimilator  
  27  3:05  Zealot  
  27  3:13  Nexus, Pylon  
  27  3:22  Assimilator  
  27  3:29  Zealot  
  27  4:01  Probe  
  26  4:07  Photon Cannon  
  26  4:10  Photon Cannon  
  26  4:13  Probe  
  26  4:16  Zealot  
  27  4:21  Cybernetics Core, Probe  
  27  4:22  Cybernetics Core  
  27  4:25  Probe  
  27  4:29  Probe  
  29  4:37  Probe  
  29  4:39  Probe  
  29  4:41  Assimilator  
  29  4:45  Assimilator  
  30  4:50  Probe  
  30  4:51  Probe  
  32  4:59  Probe  
  32  5:01  Photon Cannon  
  32  5:03  Stargate  
  33  5:07  Probe  
  34  5:17  Probe  
  33  5:23  Pylon  
  33  5:26  Photon Cannon, Probe  
  33  5:27  Pylon, Shield Battery  
  33  5:34  Probe  
  33  5:35  Stalker  
  37  5:44  Probe, Protoss Air Weapons Level 1  
  38  5:53  Void Ray  
  38  5:56  Probe  
  43  6:06  Fleet Beacon  
  43  6:08  Probe  
  39  6:26  Probe  
  39  6:29  Void Ray  
  39  6:32  Probe  
  40  6:39  Probe  
  46  6:40  Probe  
  46  6:44  Photon Cannon  
  47  6:50  Probe  
  48  6:58  Stargate  
  48  6:59  Probe  
  49  7:02  Probe  
  50  7:11  Nexus  
  50  7:12  Carrier  
  56  7:25  Probe  
  57  7:32  Probe  
  58  7:47  Carrier  
  64  7:56  Robotics Facility  
  64  8:17  Protoss Air Armor Level 1  
  64  8:20  Probe, Shield Battery  
  64  8:21  Carrier  
  64  8:23  Assimilator  
  65  8:28  Probe  
  72  8:37  Probe  
  72  8:38  Probe  
  74  8:49  Probe  
  75  8:56  Void Ray  
  75  8:59  Observer  
  75  9:01  Probe  
  77  9:16  Probe  
  78  9:21  Observer  
  78  9:23  Gateway  
  79  9:25  Pylon  
  79  9:28  Probe  
  79  9:29  Assimilator  
  79  9:30  Carrier  
  80  9:33  Carrier  
  80  9:40  Probe  
  93  10:04  Probe  
  88  10:09  Observer  
  83  10:16  Probe  
  83  10:17  Probe  
  83  10:20  Probe  
  83  10:21  Carrier  
  86  10:29  Probe  
  89  10:39  Probe  
  89  10:41  Probe  
  91  10:51  Probe  
  91  10:56  Stargate  
  92  10:58  Pylon  
  92  11:03  Probe  
  93  11:12  Pylon  
  93  11:14  Pylon  
  95  11:28  Void Ray  
  75  11:48  Stalker  
  75  11:51  Photon Cannon  
  75  11:52  Photon Cannon  
  75  11:53  Pylon  
  59  11:55  Pylon  
  51  12:07  Probe  
  56  12:11  Pylon  
  60  12:16  Probe  
  60  12:18  Stalker  
  59  12:24  Probe, Pylon  
  59  12:25  Probe  
  59  12:26  Pylon  
  61  12:33  Photon Cannon  
  61  12:34  Probe  
  48  12:37  Photon Cannon  
  48  12:38  Probe  
  48  12:39  Stalker  
  48  12:40  Photon Cannon, Pylon  
  50  12:44  Probe  
  50  12:50  Probe  
  53  12:52  Probe  
  53  13:00  Probe  
  53  13:02  Pylon  
  54  13:10  Stalker  
  48  13:16  Photon Cannon  
  48  13:27  Photon Cannon  
  48  13:28  Shield Battery  
  48  13:32  Zealot, Pylon  
  48  13:53  Forge  
  36  14:21  Pylon  
  36  14:22  Pylon  
  36  14:23  Void Ray  
  36  14:25  Nexus  
  36  14:31  Nexus  
  36  14:32  Zealot  
  36  14:33  Photon Cannon  
  36  14:34  Photon Cannon, Void Ray  
  36  14:36  Pylon  
  36  14:37  Pylon  
  36  14:55  Photon Cannon  
  36  14:59  Photon Cannon  
  38  15:03  Photon Cannon  
  38  15:04  Pylon  
  38  15:05  Photon Cannon  
  38  15:06  Photon Cannon, Void Ray  
  42  15:08  Pylon  
  42  15:13  Pylon  
  40  15:16  Void Ray  
  16  15:40  Probe  
  15  15:49  Probe, Void Ray  
  20  15:52  Probe  
  22  15:58  Probe  
  23  16:16  Probe  
  16  16:28  Probe  
  17  16:39  Probe  
  17  16:41  Pylon  
Show
View Real Time Build Order
Export as new Build Order

Woah Terran - Winner!

Build Orders: Reaper Expand 

Get SALT Encoding   

  12  0:01  SCV  
  13  0:13  SCV  
  14  0:17  Supply Depot  
  14  0:25  SCV  
  15  0:39  SCV  
  15  0:42  Barracks  
  16  0:46  Refinery  
  16  0:55  SCV  
  17  1:07  SCV  
  18  1:28  Orbital Command  
  18  1:31  Reaper  
  19  1:52  Command Center  
  19  1:54  SCV  
  20  2:10  SCV, Supply Depot  
  21  2:17  Barracks Reactor  
  20  2:59  Bunker  
  20  3:09  SCV  
  20  3:10  Orbital Command  
  20  3:12  Barracks  
  21  3:16  Factory  
  21  3:27  Marine x2  
  23  3:58  Marine x2  
  23  3:59  SCV  
  23  4:01  SCV  
  27  4:06  Starport  
  27  4:11  SCV  
  27  4:13  SCV  
  29  4:23  SCV  
  30  4:25  SCV  
  31  4:35  SCV  
  32  4:45  Marine x3, Widow Mine  
  35  4:46  Medivac  
  35  4:48  SCV, Orbital Command  
  35  4:51  Engineering Bay  
  41  4:54  Refinery  
  40  5:03  SCV, Marine x2  
  43  5:16  Bunker  
  43  5:21  Supply Depot, Marine x2  
  45  5:38  SCV  
  45  5:40  Factory Reactor  
  45  5:41  Starport Reactor, Barracks Tech Lab  
  46  5:43  SCV, Marine x2  
  46  5:45  Barracks  
  46  5:49  Barracks  
  49  5:54  SCV, Missile Turret  
  47  6:25  SCV  
  47  6:28  Missile Turret  
  47  6:29  Medivac  
  47  6:30  Missile Turret  
  46  6:35  SCV  
  46  6:37  SCV  
  48  6:43  Marauder, Barracks Reactor  
  48  6:44  Barracks Tech Lab  
  50  6:52  Missile Turret  
  50  7:03  SCV x2  
  52  7:10  Command Center  
  52  7:13  Terran Infantry Weapons Level 1  
  52  7:15  SCV x2  
  53  7:17  Engineering Bay  
  54  7:23  Stimpack  
  54  7:36  Refinery  
  54  7:37  Supply Depot  
  54  7:38  Refinery, Supply Depot  
  54  7:45  Supply Depot  
  54  7:49  Command Center  
  54  7:52  Terran Infantry Armor Level 1  
  54  7:58  Marine x6  
  54  7:59  SCV x2  
  62  8:11  SCV x2  
  64  8:18  Marine  
  64  8:19  Marine x4  
  69  8:21  Marine  
  69  8:23  SCV x2  
  69  8:26  Starport  
  72  8:27  Starport  
  72  8:28  Fusion Core  
  72  8:29  Orbital Command  
  72  8:35  SCV x2  
  74  8:45  Viking x2  
  74  8:47  SCV  
  73  9:04  Marine x6  
  73  9:07  Starport Reactor x2  
  73  9:09  SCV  
  80  9:13  Orbital Command  
  80  9:21  Marine  
  80  9:22  Marine x3  
  80  9:23  Combat Shield  
  84  9:27  Armory  
  84  9:30  Refinery x2  
  84  9:33  Viking x2  
  73  10:14  Viking x3  
  73  10:15  Viking  
  80  10:39  SCV x2  
  82  10:45  SCV  
  83  10:51  SCV x2  
  85  10:57  SCV  
  85  10:58  Orbital Command  
  85  11:03  SCV x2  
  88  11:07  Refinery x2  
  88  11:09  SCV  
  88  11:10  Viking  
  88  11:11  Viking x4  
  97  11:15  SCV  
  79  11:59  Viking x5  
  89  12:01  Marine  
  89  12:02  Marine x5  
  94  12:19  Marine  
  94  12:20  Marine x5  
  93  12:37  Marine x5  
  73  13:43  Viking  
  73  13:44  Viking x5  
  73  13:45  Marauder, Marine  
  73  13:46  Marine x4  
  88  14:03  Marine x4  
  88  14:04  Marine  
  88  14:06  Marine  
  94  14:13  Viking  
  94  14:14  Viking x4  
  104  14:21  Marine x5  
  104  14:23  Marine  
  96  14:39  Marine x4  
  96  14:40  Marauder  
  96  14:42  Marauder  
  104  14:56  Marine  
  104  14:57  Marine  
  87  15:23  Viking x6  
  84  15:53  Viking  
  87  15:57  SCV x4  
  87  15:59  Viking  
  87  16:00  Viking x3  
  87  16:01  Marauder, Marine x5  
  105  16:09  SCV x4  
  96  16:19  Marine x5  
  96  16:21  Viking, SCV x3  
  96  16:22  SCV, Marine  
  102  16:33  SCV  
  102  16:34  SCV x2  
  102  16:36  Marine  
  102  16:37  Marine x4  
  101  16:54  Command Center  
Tags
 
Composition
Carriers
League
Platinum
Matchup
PvT
Replay Pack
r1
Spawn Locations
Cross Positions
Add a new tag
Caveats
  • Supply blocks, unpowered buildings, or Contaminate may cause inaccurate times.
  • Supply counts are checked every 10 seconds.